 Dungeon Crawl Stone Soup version 0.30.0-29-ga12c61a403 (webtiles) character file.

Game seed: 5536973863811481480

221 LustLizard the Conjurer (level 5, -13/34 HPs)
             Began as an Octopode Conjurer on June 25, 2023.
             Mangled by an ogre
             ... wielding a +0 giant club
              (20 damage)
             ... on level 3 of the Dungeon.
             The game lasted 00:04:28 (2948 turns).

LustLizard the Conjurer (Octopode Conjurer)         Turns: 2948, Time: 00:04:29

Health: -13/34     AC:  1    Str:  8    XL:     5   Next: 98%
Magic:  1/9        EV: 13    Int: 20    God:
Gold:   137        SH:  0    Dex: 11    Spells: 7/10 levels left

rFire   . . .        (no weapon)
rCold   . . .        (no shield)
rNeg    . . .        (helmet restricted)
rPois   +            (no amulet)
rElec   .            c - ring of poison resistance
rCorr   .            (no ring)
SInv    .            (no ring)
Will    .....        (no ring)
Stlth   +++          (no ring)
HPRegen 0.25/turn    (no ring)
MPRegen 0.11/turn    (no ring)
                     (no ring)

%: no passive effects
@: no status effects
A: almost no armour, amphibious, 8 rings, camouflage 1, gelatinous body 1,
(nimble swimmer 1), tentacles
a: no special abilities


You were on level 3 of the Dungeon.
You visited 1 branch of the dungeon, and saw 3 of its levels.

You collected 137 gold pieces.

Inventory:

Jewellery
 c - a ring of poison resistance (left tentacle)
Wands
 e - a wand of quicksilver (15)
 h - a wand of paralysis (3)
Scrolls
 d - 4 scrolls of identify
 f - a scroll of enchant armour
 g - 4 scrolls of teleportation
Potions
 a - 2 potions of magic
 b - a potion of heal wounds
 i - a potion of curing


   Skills:
 + Level 2.3 Fighting
 - Level 2.0 Dodging
 - Level 4.0 Stealth
 + Level 3.1 Spellcasting
 * Level 5.4 Conjurations


You had 7 spell levels left.
You knew the following spells:

 Your Spells              Type           Power      Damage    Failure   Level
a - Magic Dart            Conj           100%       1d8       1%          1
b - Searing Ray           Conj           50%        2d6       2%          2

Your spell library contained the following spells:

 Spells                   Type           Power      Damage    Failure   Level
 Dazzling Flash           Conj/Hex       28%        N/A       14%         3
 Fulminant Prism          Conj/Hex       7%         3d7       41%         4
 Iskenderun's Mystic Bla  Conj/Tloc      14%        2d5       41%         4


Dungeon Overview and Level Annotations

Branches:
Dungeon (3/15)

Altars:
Ru
The Shining One


Innate Abilities, Weirdness & Mutations

You cannot wear most types of armour.
You are amphibious.
You can wear up to eight rings at the same time.
Your skin changes colour to match your surroundings (Stealth+).
Your rubbery body absorbs attacks. (AC +1, EV +1)
((You are camouflaged when in or above water. (Stealth+)))
You have tentacles for arms and can constrict up to eight enemies at once.


Message History

Aiming: Magic Dart (safe; 1% risk of failure)
Press: ? - help, Q - select action, (/) - cycle Shift-Dir - straight line, f/p - ogre
Aim: an ogre, wielding a +0 giant club (moderately wounded, 100% to hit)
The magic dart hits the ogre.
The ogre is moderately wounded.
Unknown command.
Aiming: Magic Dart (safe; 1% risk of failure)
Press: ? - help, Q - select action, (/) - cycle Shift-Dir - straight line, f/p - ogre
Aim: an ogre, wielding a +0 giant club (moderately wounded, 100% to hit)
The magic dart hits the ogre.
The ogre is heavily wounded.
Unknown command.
Aiming: Magic Dart (safe; 1% risk of failure)
Press: ? - help, Q - select action, (/) - cycle Shift-Dir - straight line, f/p - ogre
Aim: an ogre, wielding a +0 giant club (heavily wounded, 100% to hit)
The magic dart hits the ogre!
The ogre is severely wounded.
Unknown command.
Aiming: Magic Dart (safe; 1% risk of failure)
Press: ? - help, Q - select action, (/) - cycle Shift-Dir - straight line, f/p - ogre
Aim: an ogre, wielding a +0 giant club (severely wounded, 100% to hit)
The magic dart hits the ogre.
The ogre is almost dead.
The ogre hits you with a +0 giant club!!
Ouch! That really hurt!
* * * LOW HITPOINT WARNING * * *
Aiming: Magic Dart (safe; 1% risk of failure)
Press: ? - help, Q - select action, (/) - cycle Shift-Dir - straight line, f/p - ogre
Aim: an ogre, wielding a +0 giant club (almost dead, 100% to hit)
The magic dart hits the ogre.
The ogre is almost dead.
Unknown command.
Aiming: Magic Dart (safe; 1% risk of failure)
Press: ? - help, Q - select action, (/) - cycle Shift-Dir - straight line, f/p - ogre
Aim: an ogre, wielding a +0 giant club (almost dead, 100% to hit)
The magic dart hits the ogre.
The ogre is almost dead.
The ogre hits you with a +0 giant club!!
Ouch! That really hurt!
You die...

. .... #. ..... #.# .....
... ...... ###.#####
.....# #......... ......
...?......# ##
...............O.# ..#
................@##...#
......................#
.................######
..................#####
#.....................#
.##..............>......
..<..+#######'..........
.....#...#...#..........
.....#...#.รท.#..........


You could see an ogre.

Vanquished Creatures
  Terence (D:2)
  An orc wizard (D:3)
  Natasha (thrice) (D:2)
  Robin (D:3)
  An adder (D:3)
  A shadow imp (D:3)
  A worm (D:2)
  2 orcs (D:3)
  4 bats
  4 endoplasms
  3 giant cockroaches
  9 goblins
  8 hobgoblins
  3 jackals (D:2)
  4 kobolds
  3 quokkas
  5 ball pythons
  3 frilled lizards
  4 rats
61 creatures vanquished.

Notes
Turn   | Place    | Note
-------+----------+-------------------------------------------
     0 | D:1      | LustLizard the Octopode Conjurer began the quest for the
                  | Orb.
     0 | D:1      | Reached XP level 1. HP: 11/11 MP: 3/3
   302 | D:1      | Reached XP level 2. HP: 18/18 MP: 0/5
  1101 | D:2      | Reached XP level 3. HP: 18/22 MP: 1/6
  1338 | D:2      | Noticed Natasha
  1343 | D:2      | Learned a level 2 spell: Searing Ray
  1346 | D:2      | Killed Natasha
  1347 | D:2      | Reached skill level 1 in Fighting
  1720 | D:2      | Reached XP level 4. HP: 28/28 MP: 4/7
  1789 | D:2      | Noticed Natasha
  1793 | D:2      | Killed Natasha
  1971 | D:2      | Noticed Terence
  1983 | D:2      | HP: 1/28 [Terence/bolt of dispelling energy (17)]
  1984 | D:2      | Killed Terence
  2214 | D:2      | Noticed Natasha
  2222 | D:2      | Killed Natasha
  2223 | D:2      | Reached skill level 5 in Conjurations
  2223 | D:2      | Reached XP level 5. HP: 34/34 MP: 2/9
  2417 | D:3      | Found a glowing golden altar of the Shining One.
  2597 | D:3      | Found a sacrificial altar of Ru.
  2734 | D:3      | Noticed Robin
  2765 | D:3      | Killed Robin
  2939 | D:3      | Noticed an ogre
  2948 | D:3      | Mangled by an ogre

Illustrated notes

Levels and vault maps discovered:
D:1:      lightli_arrival_isolated_outpost, layout_basic, minivault_4
D:2:      layout_basic, minivault_26, nrook_mini_vaults, minmay_hexomino_p4,
          uniq_natasha, uniq_terence
D:3:      layout_rooms, nicolae_ru_great_annihilating_truth,
          chequers_temple_overflow_statue_of_worship, tso_oasis_becter,
          uniq_robin

Skill      XL: |  1  2  3  4  5 |
---------------+----------------+-----
Stealth        | 3 4 |  4.0
Fighting       | 1 2 |  2.3
Conjurations   | 5 |  5.4
Spellcasting   | 3 |  3.1
Dodging        | |  2.0

Action                     |  1- 3 |  4- 6 || total
---------------------------+-------+-------++-------
  Melee: Unarmed           |     2 |    38 ||    40
         Tentacles         |       |    12 ||    12
         Constrict         |       |    11 ||    11
   Cast: Magic Dart        |    47 |    61 ||   108
         Searing Ray       |     2 |     4 ||     6
    Use: Scroll            |     2 |     3 ||     5
 Armour: Skin              |       |     1 ||     1
  Dodge: Dodged            |     9 |    27 ||    36
